 Dungeon Crawl Stone Soup version 0.31-a0-43-g46d131a48f (webtiles) character file.

Game seed: 15895048219784216177

1418 pk666 the Magician (level 8, 0/41 HPs)
             Began as a Deep Elf Fire Elementalist on May 18, 2023.
             Was an Initiate of Vehumet.
             Slain by a yak (6 damage)
             ... on level 6 of the Dungeon.
             The game lasted 00:08:22 (4790 turns).

pk666 the Magician (Deep Elf Fire Elementalist)     Turns: 4790, Time: 00:08:23

Health: 0/41       AC:  5    Str:  8    XL:     8   Next: 43%
Magic:  11/21      EV: 15    Int: 23    God:    Vehumet [......]
Gold:   275        SH:  0    Dex: 15    Spells: 14/21 levels left

rFire   + . .        h - +0 dagger
rCold   . . .        (no shield)
rNeg    . . .        a - +0 robe
rPois   .            (no helmet)
rElec   .            (no cloak)
rCorr   .            p - +0 pair of gloves
SInv    .            r - +1 pair of boots of Baneuk {Str+3}
Will    .....        (no amulet)
Stlth   ++           s - ring of protection from cold
HPRegen 0.26/turn    e - ring of fire
MPRegen 0.17/turn

%: no passive effects
@: no status effects
A: no striking features
a: Renounce Religion


You were on level 6 of the Dungeon.
You worshipped Vehumet.
Vehumet was noncommittal.
You visited 1 branch of the dungeon, and saw 7 of its levels.

You collected 275 gold pieces.

Inventory:

Hand Weapons
 h - a +0 dagger (weapon)
Missiles
 w - a throwing net
Armour
 a - a +0 robe (worn)
 p - a +0 pair of gloves (worn)
 r - the +1 pair of boots of Baneuk (worn) {Str+3}
   (You found it on level 3 of the Dungeon)

   Str:       It affects your strength (+3).
Jewellery
 e - a ring of fire (right hand)
 s - a ring of protection from cold (left hand)
Wands
 o - a wand of flame (21)
 y - a wand of quicksilver (11)
Scrolls
 f - a scroll of fog {unknown}
 i - 2 scrolls of fear {unknown}
 m - 2 scrolls of amnesia {unknown}
 n - a scroll of acquirement {unknown}
 q - a scroll of enchant weapon {unknown}
 u - a scroll of enchant armour {unknown}
 v - a scroll of noise {unknown}
 x - a scroll of identify
Potions
 b - a potion of magic
 c - 2 potions of haste
 d - 4 potions of might
 g - 5 potions of curing
 j - a potion of ambrosia
 k - 2 potions of lignification
 l - a potion of berserk rage {unknown}
 t - a potion of mutation


   Skills:
 + Level 6.6 Dodging
 - Level 2.4 Stealth
 + Level 7.4 Spellcasting
 + Level 5.7 Conjurations
 + Level 6.5 Fire Magic


You had 14 spell levels left.
You knew the following spells:

 Your Spells              Type           Power      Damage    Failure   Level
a - Foxfire               Conj/Fire      100%       2x1d9     1%          1
b - Scorch                Fire           100%       2d9       1%          2
c - Flame Wave            Conj/Fire      53%        2d13      6%          4

Your spell library contained the following spells:

 Spells                   Type           Power      Damage    Failure   Level
 Momentum Strike          Conj/Tloc      42%        3d9       3%          2
 Inner Flame              Hex/Fire       35%        N/A       6%          3
 Volatile Blastmotes      Fire/Tloc      70%        2d15      6%          3
 Stone Arrow              Conj/Erth      42%        3d9       7%          3
 Sandblast                Erth           16%        2d6       8%          1
 Blink                    Tloc           16%        N/A       11%         2
 Lesser Beckoning         Tloc           16%        N/A       11%         2
 Passwall                 Tmut/Erth      6%         N/A       11%         2
 Sublimation of Blood     Necr           8%         N/A       11%         2
 Wereblood                Tmut           8%         N/A       11%         2
 Ozocubu's Armour         Ice            8%         N/A       22%         3
 Metabolic Englaciation   Hex/Ice        4%         N/A       90%         5
 Simulacrum               Ice/Necr       4%         N/A       100%        6
 Summon Hydra             Summ           4%         N/A       100%        7


Dungeon Overview and Level Annotations

Branches:
Dungeon (7/15)
 Temple: D:4-7

Altars:
Ashenzari
Cheibriados
Makhleb
Uskayaw
Vehumet
Xom
Yredelemnul

Shops:
D:6 (

Annotations:
D:6 exclusion: downstairs


Message History

Found a falchion.
y - a wand of quicksilver (11)
You now have 275 gold pieces (gained 10).
Done exploring.
Done exploring.
Search for what [Enter for "."]? .
There is a stone staircase leading down here.
You climb downwards.
Found 12 gold pieces.
There is a stone staircase leading up here.
The yak gores you.
You climb upwards.
There is a stone staircase leading down here.
You feel a surge of power!
Flames lash the yak.
The yak is moderately wounded.
The yak's fire resistance burns away.
The yak gores you!
You feel a surge of power!
Flames lash the yak.
The yak is burned terribly!
The yak is heavily wounded.
The yak gores you.
You feel a surge of power!
Flames lash the ice beast.
The ice beast melts!
The ice beast is severely wounded.
The ice beast's fire resistance burns away.
The yak gores you!
* * * LOW HITPOINT WARNING * * *
Casting: Scorch (safe; 1% risk of failure)
Confirm with . or Enter, or press ? or * to list all spells.
The spell is quite dangerous to miscast (6% risk of failure)!
Continue anyway?
Okay, then.
There are monsters nearby!
Casting: Flame Wave (quite dangerous; 6% risk of failure)
Confirm with . or Enter, or press ? or * to list all spells.
The spell is quite dangerous to miscast (6% risk of failure)!
Continue anyway?
Casting: Flame Wave (quite dangerous; 6% risk of failure)
Press: ? - help, Dir - look around, f - activate You feel a surge of power!
A wave of flame ripples out!
The flame wave engulfs the yak.
The yak is heavily wounded. (Press . to intensify the flame waves.)
The yak gores you.
You die...

.^............####.####.#
######.....###.#........#########
# #####.#...#................# #
#..........#.#.........#
###########.........#.#...†.....#
##.........#........#...........#
.................................
##.........##....Y...............
#.........##...@Y..#............
#.........##.......#............
#.........##.......#......######
####################......#
########


You could see a yak (combustible) and an ice beast (combustible).

Vanquished Creatures
  Maggie (D:6)
  Grinder (D:3)
  A sky beast (D:6)
  2 black bears (D:6)
  3 phantoms
  2 scorpions
  2 jellies (D:6)
  2 hounds
  An iguana (D:6)
  An orc wizard (D:5)
  A mummy (D:6)
  3 adders
  2 ufetubi
  A worm (D:3)
  2 dart slugs (D:2)
  17 orcs
  2 ball pythons (D:4)
  4 endoplasms
  A giant cockroach (D:3)
  4 goblins
  7 hobgoblins
  4 quokkas
  6 bats
  5 frilled lizards
  4 kobolds
  5 rats
84 creatures vanquished.

Vanquished Creatures (others)
  279 foxfires
279 creatures vanquished.

Grand Total: 363 creatures vanquished

Notes
Turn   | Place    | Note
-------+----------+-------------------------------------------
     0 | D:1      | pk666 the Deep Elf Fire Elementalist began the quest for
                  | the Orb.
     0 | D:1      | Reached XP level 1. HP: 10/10 MP: 6/6
   173 | D:1      | Reached XP level 2. HP: 9/15 MP: 2/8
   176 | D:1      | Learned a level 2 spell: Scorch
   839 | D:2      | Reached XP level 3. HP: 19/19 MP: 7/10
  1683 | D:3      | You fall into a shaft and drop 3 floors!
  1689 | D:5      | Entered Level 5 of the Dungeon
  1715 | D:5      | Reached skill level 4 in Spellcasting
  1715 | D:5      | Reached XP level 4. HP: 24/24 MP: 8/12
  1720 | D:5      | Learned a level 4 spell: Flame Wave
  1791 | D:5      | Noticed a phantom
  1852 | D:4      | Noticed a scorpion
  1855 | D:4      | Killed a scorpion
  1856 | D:4      | Reached XP level 5. HP: 28/28 MP: 4/13
  1977 | D:4      | Noticed a phantom
  1981 | D:4      | Killed a phantom
  2132 | D:4      | Identified the +9 trident "Beetleslayer" {flame, Dex+3}
  2171 | D:3      | Found a radiant altar of Vehumet.
  2198 | D:3      | Noticed Grinder
  2251 | D:3      | Identified the +1 pair of boots of Baneuk {Str+3}
  2339 | D:3      | Paralysed by Grinder for 2 turns
  2342 | D:3      | Killed Grinder
  2343 | D:3      | Reached skill level 5 in Spellcasting
  2343 | D:3      | Reached skill level 5 in Fire Magic
  2343 | D:3      | Reached XP level 6. HP: 23/32 MP: 9/16
  2346 | D:3      | Became a worshipper of Vehumet
  2886 | D:4      | Reached skill level 5 in Dodging
  2886 | D:4      | Reached XP level 7. HP: 36/36 MP: 8/17
  3415 | D:5      | Found a basalt altar of Yredelemnul.
  3520 | D:5      | Found a shimmering altar of Xom.
  3563 | D:5      | Reached skill level 6 in Spellcasting
  3835 | D:5      | Found a broken altar of Ashenzari.
  3936 | D:6      | Found Affoj's Weapon Boutique.
  3943 | D:6      | Found a burning altar of Makhleb.
  3944 | D:6      | Noticed Maggie
  3958 | D:6      | Killed Maggie
  3959 | D:6      | Reached skill level 5 in Conjurations
  3959 | D:6      | Reached XP level 8. HP: 20/41 MP: 1/20
  4132 | D:6      | Found a hide-covered altar of Uskayaw.
  4208 | D:6      | Reached skill level 7 in Spellcasting
  4466 | D:6      | Found a snail-covered altar of Cheibriados.
  4790 | D:6      | Slain by a yak

Illustrated notes

Levels and vault maps discovered:
D:1:      dpeg_arrival_rooms_c, layout_rooms
D:2:      layout_basic
D:3:      layout_rooms, nicolae_vehumet_radiance, uniq_grinder
D:4:      layout_basic, serial_rivers, chequers_serial_rivers_small_3,
          chequers_serial_rivers_micro_e, chequers_serial_rivers_micro_c,
          chequers_serial_rivers_small_b, chequers_serial_rivers_micro_a
D:5:      layout_cave_pools, mainiacjoe_overflow_alcove_2,
          mainiacjoe_overflow_boulevard, nicolae_overflow_hidden_temple
D:6:      layout_basic, slow_altar_1, nicolae_uskayaw_murder_on_the_dancefloor,
          bloody_makhleb, serial_shops, nicolae_shop_tiny_real_fake_doors,
          uniq_maggie
D:7:      layout_loops_ring, mainiacjoe_overflow_24_doors,
          minmay_temple_entry_trees

Skill      XL: |  1  2  3  4  5  6  7  8 |
---------------+-------------------------+-----
Dodging        | 3 4 5 6 |  6.6
Conjurations   | 2 3 4 5 |  5.7
Spellcasting   | 4 5 6 7 |  7.4
Fire Magic     | 4 5 6 |  6.5
Stealth        | |  2.4

Action                     |  1- 3 |  4- 6 |  7- 9 || total
---------------------------+-------+-------+-------++-------
  Melee: Dagger            |     2 |       |       ||     2
   Cast: Foxfire           |    89 |    40 |    43 ||   172
         Scorch            |     1 |    16 |    25 ||    42
         Flame Wave        |       |       |     2 ||     2
    Use: Potion            |     2 |       |       ||     2
         Scroll            |       |       |     6 ||     6
 Armour: Robe              |     1 |     1 |       ||     2
  Dodge: Dodged            |    19 |     4 |     5 ||    28

Table legend: (Time is in decaauts)
 A = Elapsed time spent in this place.
 B = Non-inter-level travel time spent in this place.
 C = Inter-level travel time spent in this place.
 D = Time resting spent in this place.
 E = Time spent auto-exploring this place.
 F = Levels seen in this place.
 G = Mean time per level.
                   A        B        C        D        E       F      G
               +--------+--------+--------+--------+--------+-----+--------+
         Total |   4778 |   4562 |    216 |    331 |   3540 |   7 |  682.6 |
       Dungeon |   4778 |   4562 |    216 |    331 |   3540 |   7 |  682.6 |
               +--------+--------+--------+--------+--------+-----+--------+

Top non-repeatable levels by time:
     D:4: 986 daAuts
     D:6: 887 daAuts
     D:3: 743 daAuts
     D:5: 737 daAuts
     D:2: 716 daAuts
     D:1: 706 daAuts
     D:7: 1 daAuts
